AoeStats
← kspecific2011

Black Forest

510215521Analyzed
2v2 RM · 4d ago on Sep 30, 2026· 19m 9s· 4 players
Game mode
Random Map
Map size
Medium (4 player)
Population
200
Speed
Normal
Resources
Standard
Victory
Conquest
Starting age
Dark Age
Ending age
Imperial Age
RankedLock teamsTeams togetherTeam positionsShared explorationLock speedFull tech treeHidden civsTurbo modeCheats
Victory
Defeat
🇺🇸 Cumans · United States
1181
+31
🇺🇸 Dravidians · United States
1050
+18
🇺🇸 Mapuche · United States
1162
-18
🇺🇸 Cumans · United States
1045
-13
JIMBO
1:28 Loom
12:34 Feudal Age
13:34 Double-Bit Axe
18:27 Wheelbarrow
20:32 Castle Age
Arender_98
1:17 Loom
11:45 Feudal Age
20:37 Castle Age
kspecific2011
7:53 Loom
10:19 Feudal Age
10:31 Man-at-Arms
12:25 Padded Archer Armor
14:41 Wheelbarrow
15:51 Fletching
17:39 Double-Bit Axe
Quilted Codpiece
0:27 Loom
12:00 Feudal Age
12:57 Double-Bit Axe
15:31 Castle Age
14:13 Fletching
15:18 Horse Collar
18:59 Bodkin Arrow
Connection lost

Rejoining the realm…

Still unreachable

The connection could not be restored.

Session expired

The server has moved on; the page needs a fresh start.